 Dungeon Crawl Stone Soup version 0.23-a0-143-g1adec7b (webtiles) character file.

91 mopl the Chopper (level 4, -4/35 HPs)
             Began as a Formicid Monk on Sept 3, 2018.
             Slain by a gnoll
             ... wielding a +0 halberd
              (7 damage)
             ... on level 3 of the Dungeon.
             The game lasted 00:02:39 (1936 turns).

mopl the Chopper (Formicid Monk)                    Turns: 1936, Time: 00:02:40

Health: -4/35      AC:  5    Str: 17    XL:     4   Next: 88%
Magic:  0/4        EV: 11    Int:  9    God:
Gold:   136        SH:  4    Dex: 13    Spells: 3/3 levels left

rFire    . . .     SeeInvis +   a - +0 war axe
rCold    . . .     Gourm    .   h - +0 buckler
rNeg     . . .     Faith    .   u - +0 ring mail
rPois    .         Spirit   +   (helmet unavailable)
rElec    .         Reflect  .   (no cloak)
rCorr    .         Harm     .   (no gloves)
MR       .....                  (no boots)
Stlth    +.........             q - amulet of guardian spirit
HPRegen  0.11/turn              (no ring)
MPRegen  0.09/turn              (no ring)

@: no status effects
A: permanent stasis, dig shafts and tunnels, four strong arms, antennae 3
a: Dig, Shaft Self


You were on level 3 of the Dungeon.
You were hungry.

You visited 1 branch of the dungeon, and saw 3 of its levels.

You collected 136 gold pieces.

Inventory:

Hand Weapons
 a - a +0 war axe (weapon)
 b - a +1 dagger of electrocution
Missiles
 g - 63 arrows
 k - 43 bolts
 s - 2 poisoned needles
Armour
 h - a +0 buckler (worn)
 i - a +0 shield
 u - a +0 ring mail (worn)
Jewellery
 q - an amulet of guardian spirit (around neck)
Scrolls
 d - a scroll of random uselessness {unknown}
 e - 2 scrolls of teleportation {unknown}
 f - a scroll of enchant armour {unknown}
 j - a scroll of identify {unknown}
 m - a scroll of fear {unknown}
 p - a scroll of remove curse {unknown}
 r - a scroll of fog {unknown}
Potions
 l - a potion of agility {unknown}
 n - a potion of curing {unknown}
 o - a potion of flight {unknown}
Comestibles
 c - 10 rations
 v - 6 chunks of flesh


   Skills:
 - Level 3.2 Fighting
 * Level 4.8 Axes
 - Level 2.6 Dodging
 - Level 2.4 Stealth
 + Level 1.9 Shields


You had 3 spell levels left.
You didn't know any spells.
Your spell library was empty.

Dungeon Overview and Level Annotations

Branches:
Dungeon (3/15)

Altars:
Fedhas
Uskayaw


Innate Abilities, Weirdness & Mutations

You cannot be hasted, slowed, berserked, paralysed or teleported.
You can dig through walls and to a lower floor.
Your four strong arms can wield two-handed weapons with a shield.
You have a pair of large antennae on your head. (SInv)


Message History

The gnoll closely misses you.
You closely miss the gnoll.
The gnoll is heavily wounded.
The gnoll closely misses you.
You closely miss the gnoll.
The gnoll is heavily wounded.
You block the gnoll's attack.
You closely miss the gnoll.
The gnoll is heavily wounded.
The gnoll closely misses you.
You closely miss the gnoll.
The gnoll is heavily wounded.
The gnoll barely misses you.
You hit the gnoll.
The gnoll is severely wounded.
The gnoll closely misses you.
You hit the gnoll.
The gnoll is almost dead.
The gnoll hits you with a halberd!
You die...

#g#.# #.#.#
##########.#.#
#..........#.####..
#.########g#>...... #.#
#..>g## #.# #.###{##
#.# #. ##g# #.# # #@##
#.# #. ### ### #.#
##... ### ..# #.# #....
..# #.# #.# #.... #.#
#.# #.# #.#.# #.# #.#
#.# #.#.# #.# #<#
#.####.#.# ##.## #.#
#......#.#####...####.#


You could see a gnoll.

Vanquished Creatures
  2 adders (D:3)
  2 gnolls (D:3)
  A worm (D:2)
  A dart slug (D:1)
  4 leopard geckos
  An orc (D:3)
  A ball python (D:1)
  A giant cockroach (D:1)
  6 hobgoblins
  8 jackals (D:1)
  2 bats (D:1)
  5 goblins
  5 kobolds
  4 rats
43 creatures vanquished.

Notes
Turn   | Place    | Note
-------+----------+-------------------------------------------
     0 | D:1      | mopl the Formicid Monk began the quest for the Orb.
     0 | D:1      | Reached XP level 1. HP: 18/18 MP: 1/1
   153 | D:1      | Reached XP level 2. HP: 7/24 MP: 2/2
   499 | D:1      | Reached skill level 4 in Axes
   499 | D:1      | Reached XP level 3. HP: 24/29 MP: 3/3
  1437 | D:2      | Reached skill level 1 in Shields
  1488 | D:2      | Found a blossoming altar of Fedhas.
  1502 | D:2      | Found a hide-covered altar of Uskayaw.
  1794 | D:3      | Reached XP level 4. HP: 34/35 MP: 2/4
  1936 | D:3      | Slain by a gnoll

Vault maps used:
D:1:      dpeg_arrival_water_temple_mockup
D:2:      lemuel_doored_altar, fedhas_altar_3
D:3:      uniq_grinder

Skill      XL: |  1  2  3 |
---------------+----------+-----
Axes           | 4 |  4.8
Shields        | 1 |  1.9
Fighting       | |  3.2
Dodging        | |  2.6
Stealth        | |  2.4

Action                   |  1- 3 |  4- 6 || total
-------------------------+-------+-------++-------
Melee: Hand axe          |    97 |    12 ||   109
       War axe           |       |    32 ||    32
 Abil: Dig               |     2 |     1 ||     3
 Stab: Sleeping          |     6 |       ||     6
  Eat: Chunk             |     2 |     1 ||     3
Armor: Robe              |    14 |     1 ||    15
       Ring mail         |       |     6 ||     6
Dodge: Dodged            |    78 |    27 ||   105
Block: Buckler           |     4 |     8 ||    12

Table legend:
 A = Non-vault XP
 B = Vault XP
 C = Vault XP percentage of total XP
 D = Non-vault monster count
 E = Vault monster count
 F = Vault count percentage of total count
                 A         B        C        D         E       F
            +---------+---------+-------+---------+---------+-------
      Total |     131 |       0 |   0.0 |      43 |       0 |   0.0
            +---------+---------+-------+---------+---------+-------
        D:1 |      49 |       0 |   0.0 |      26 |       0 |   0.0
        D:2 |      17 |       0 |   0.0 |       8 |       0 |   0.0
        D:3 |      65 |       0 |   0.0 |       9 |       0 |   0.0
            +---------+---------+-------+---------+---------+-------
